 Dungeon Crawl Stone Soup version 0.30-a0-359-gd0147acb1a (webtiles) character file.

Game seed: 8966243610659935420

1740 pokeman the Thaumaturge (level 8, -2/44 HPs)
             Began as a Deep Elf Hedge Wizard on Nov 12, 2022.
             Slain by Maggie
             ... wielding a +2 glaive of flaming
              (3 damage)
             ... on level 8 of the Dungeon.
             The game lasted 00:18:27 (6933 turns).

pokeman the Thaumaturge (Deep Elf Hedge Wizard)     Turns: 6933, Time: 00:18:27

Health: -2/44      AC:  5    Str:  7    XL:     8   Next: 77%
Magic:  24/24      EV: 13    Int: 22    God:
Gold:   324        SH:  0    Dex: 14    Spells: 13/27 levels left

rFire   . . .      SeeInvis +    n - +5 hand axe of Severance {flame, rElec rPois SInv Stlth-}
rCold   . . .      Faith    .    (no shield)
rNeg    . . .      Spirit   .    x - +2 robe {Archmagi}
rPois   +          Reflect  .    c - +0 hat
rElec   +          Harm     .    (no cloak)
rCorr   .          Rampage  .    (no gloves)
Will    .....      Archmagi +    y - +0 pair of boots
Stlth   +.........               (no amulet)
HPRegen 0.27/turn                B - ring of flight
MPRegen 0.19/turn                (no ring)

@: flying
A: no striking features
a: no special abilities


You were on level 8 of the Dungeon.
You visited 1 branch of the dungeon, and saw 6 of its levels.
You also visited: Sewer.

You collected 324 gold pieces.

Inventory:

Hand Weapons
 n - the +5 hand axe of Severance (weapon) {flame, rElec rPois SInv Stlth-}
   (You found it on level 2 of the Dungeon)

   It burns those it strikes, dealing additional fire damage.
   Big, fiery blades are also staple armaments of hydra-hunters.
   rElec:     It insulates you from electricity.
   rPois:     It protects you from poison.
   SInv:      It lets you see invisible.
   Stlth:     It makes you less stealthy.
Missiles
 H - 2 throwing nets
Armour
 c - a +0 hat (worn)
 x - a +2 robe of the Archmagi (worn)
 y - a +0 pair of boots (worn)
 K - a +0 helmet
Jewellery
 f - a ring of see invisible
 r - a ring of fire
 B - a ring of flight (left hand)
 C - an amulet of guardian spirit
Wands
 F - a wand of charming (9)
Scrolls
 a - 2 scrolls of fog {unknown}
 b - a scroll of immolation {unknown}
 g - 2 scrolls of enchant weapon {unknown}
 j - 2 scrolls of identify {unknown}
 l - a scroll of amnesia {unknown}
 o - a scroll of brand weapon {unknown}
 p - 2 scrolls of noise {unknown}
 q - a scroll of enchant armour {unknown}
 s - 3 scrolls of silence {unknown}
 u - a scroll of summoning {unknown}
 v - a scroll of teleportation {unknown}
 A - a scroll of poison {unknown}
 E - a scroll of blinking {unknown}
Potions
 d - a potion of magic
 e - 2 potions of brilliance {unknown}
 h - 3 potions of attraction {unknown}
 i - 3 potions of heal wounds {unknown}
 k - a potion of flight {unknown}
 m - 3 potions of curing
 t - 3 potions of lignification {unknown}
 w - a potion of cancellation {unknown}
 z - a potion of ambrosia {unknown}
 D - a potion of haste
 G - a potion of resistance {unknown}
 I - a potion of degeneration {unknown}
 J - a potion of might {unknown}
 L - a potion of mutation {unknown}


   Skills:
 + Level 2.3 Fighting
 - Level 3.0 Armour
 - Level 3.0 Dodging
 - Level 3.0 Stealth
 * Level 10.3 Spellcasting
 + Level 5.4 Conjurations
 - Level 1.1 Summonings
 - Level 1.1 Translocations
 + Level 4.3 Fire Magic
 - Level 1.0 Air Magic
 - Level 1.0 Poison Magic


You had 13 spell levels left.
You knew the following spells:

 Your Spells              Type           Power      Damage    Failure   Level
a - Magic Dart            Conj           100%       1d8       1%          1
b - Mephitic Cloud        Conj/Pois/Air  33%        N/A       6%          3
c - Call Imp              Summ           24%        N/A       5%          2
d - Blink                 Tloc           48%        N/A       5%          2
e - Starburst             Conj/Fire      24%        6d8       77%         6

Your spell library contained the following spells:

 Spells                   Type           Power      Damage    Failure   Level
 Slow                     Hex            68%        N/A       6%          1
 Dazzling Flash           Conj/Hex       70%        N/A       6%          3
 Cigotuvi's Dreadful Rot  Necr/Pois/Air  42%        N/A       7%          2
 Iskenderun's Mystic Bla  Conj/Tloc      38%        2d9       16%         4
 Confusing Touch          Hex            17%        N/A       17%         3
 Vampiric Draining        Necr           17%        2d7       17%         3
 Chain Lightning          Conj/Air       19%        3d25      100%        9
 Fire Storm               Conj/Fire      24%        8d6       100%        9
 Shatter                  Erth           8%         3d10*     100%        9


Dungeon Overview and Level Annotations

Branches:
Dungeon (8/15)              Sewer (visited)
 Temple: D:4-7         Lair: D:8-11

Altars:
Cheibriados
Gozag
Okawaru
Uskayaw
Xom
Zin
The Shining One

Shops:
D:1 (

Annotations:
D:8 Gastronok, Maggie


Message History

A black bear comes into view.
You bump into the rock wall.
You bump into the rock wall.
Maggie barely misses you.
Maggie casts a spell.
Maggie attempts to bespell you!
You are mesmerised by Maggie!
Maggie hits you from afar with a +2 glaive of flaming!
Maggie burns you.
The orc warrior shoots a bolt.
The bolt hits you!
You're too confused to move!
You feel less confused.
Maggie zaps a wand.
Your will is overpowered!
You are confused.
The orc warrior shoots a bolt.
The bolt closely misses you.
Unknown command.
You bump into the rock wall.
Maggie misses you.
The orc warrior shoots a bolt.
The bolt closely misses you.
You bump into the rock wall.
Maggie zaps a wand.
You easily resist.
The orc warrior shoots a bolt.
The bolt hits you.
* * * LOW HITPOINT WARNING * * *
Unknown command.
You bump into the rock wall.
Maggie gestures at you while chanting. The bolt of fire misses you.
Unknown command.
You break out of your daze!
The orc warrior shoots a bolt.
The bolt hits you.
* * * LOW HITPOINT WARNING * * *
Unknown command.
You're too confused to cast spells.
You bump into the rock wall.
You bump into the rock wall.
The orc warrior unwields a +0 arbalest.
The orc warrior wields a +0 dire flail of protection.
The orc warrior hits you with a +0 dire flail of protection!
* * * LOW HITPOINT WARNING * * *
Unknown command.
It was a potion of curing.
You feel better.
Maggie hits you from afar with a +2 glaive of flaming!
* * * LOW HITPOINT WARNING * * *
Maggie burns you.
You die...

#..# #..##
#.#.....# #..#.#
#...# .#.....#
#.###.. ##.#.#
#.....# #.
.#.#..#.# #.....#
.....#.# #.....#
##### #..#.#
#.....### ....#
#.@.# #........
....# #..#o#
#.###+####. ....#
## #@##
#.#........ ....#
#..# #.#.#.#####
....# ##.##
#.#.#...... ....#
#..####.#.#######
....# ##...##.#..
..... ....#
###.##.#.# #####
....#
#.##.#<#+#####
....#
#.............
....#
####..........


You could see Maggie and an orc warrior.

Vanquished Creatures
  A centaur (D:4)
  A phantom (D:4)
  7 kobold brigands
  2 bullfrogs
  2 scorpions (D:5)
  A killer bee (D:8)
  A hound (D:5)
  4 orc priests
  A gnoll bouda (D:5)
  Jessica (D:3)
  4 iguanas (D:5)
  4 orc wizards
  A mummy (D:4)
  Robin (D:2)
  8 gnolls
  8 adders
  A river rat (Sewer)
  A white imp (D:5)
  6 worms
  3 dart slugs
  16 orcs
  7 ball pythons
  5 bats
  10 endoplasms
  5 giant cockroaches
  19 goblins
  8 hobgoblins
  2 jackals (D:3)
  7 quokkas
  4 frilled lizards
  27 kobolds
  14 rats
182 creatures vanquished.

Vanquished Creatures (collateral kills)
  An orc priest (D:3)
  An orc (D:3)
2 creatures vanquished.

Vanquished Creatures (others)
  An orc (D:8)
  A kobold (D:8)
2 creatures vanquished.

Grand Total: 186 creatures vanquished

Notes
Turn   | Place    | Note
-------+----------+-------------------------------------------
     0 | D:1      | pokeman the Deep Elf Hedge Wizard began the quest for the
                  | Orb.
     0 | D:1      | Reached XP level 1. HP: 10/10 MP: 7/7
   138 | D:1      | Found Jebuj's Antique Weapon Boutique.
   217 | D:1      | Found a faded altar of an unknown god.
   515 | D:1      | Reached XP level 2. HP: 16/16 MP: 6/9
  1150 | D:2      | Reached skill level 5 in Spellcasting
  1317 | D:2      | Reached XP level 3. HP: 20/20 MP: 9/11
  1321 | D:2      | Learned a level 3 spell: Mephitic Cloud
  1324 | D:2      | Learned a level 2 spell: Call Imp
  1327 | D:2      | Learned a level 2 spell: Blink
  1404 | D:2      | Reached skill level 1 in Fighting
  1415 | D:2      | Identified the +5 hand axe of Severance {flame, rElec rPois
                  | SInv Stlth-}
  1724 | D:2      | Reached skill level 1 in Armour
  1845 | D:2      | Noticed Robin
  1866 | D:2      | Killed Robin
  1867 | D:2      | Reached XP level 4. HP: 25/25 MP: 0/13
  2637 | D:3      | Found a hide-covered altar of Uskayaw.
  2764 | D:3      | Reached skill level 6 in Spellcasting
  2764 | D:3      | Reached XP level 5. HP: 29/29 MP: 12/15
  2856 | D:3      | Found a glowing drain.
  2903 | Sewer    | Entered a sewer
  3039 | Sewer    | Reached skill level 1 in Air Magic
  3039 | Sewer    | Reached skill level 1 in Poison Magic
  3212 | Sewer    | Reached XP level 6. HP: 17/34 MP: 13/17
  3220 | Sewer    | Learned a level 6 spell: Starburst
  3333 | Sewer    | Reached skill level 7 in Spellcasting
  3487 | Sewer    | Reached skill level 1 in Fire Magic
  3942 | Sewer    | Reached XP level 7. HP: 40/40 MP: 14/20
  4252 | D:3      | Noticed Jessica
  4267 | D:3      | Killed Jessica
  4434 | D:3      | Found an iron altar of Okawaru.
  4711 | D:4      | Reached skill level 8 in Spellcasting
  4910 | D:4      | Found a snail-covered altar of Cheibriados.
  5271 | D:4      | Found an opulent altar of Gozag.
  5327 | D:4      | Noticed an angel
  5330 | D:4      | Found a glowing silver altar of Zin.
  5347 | D:4      | Found a shimmering altar of Xom.
  5505 | D:4      | Found a glowing golden altar of the Shining One.
  5740 | D:5      | Entered Level 5 of the Dungeon
  5750 | D:5      | Reached XP level 8. HP: 41/44 MP: 19/22
  5825 | D:5      | Reached skill level 9 in Spellcasting
  6371 | D:5      | Reached skill level 5 in Conjurations
  6518 | D:5      | You are sucked into a shaft and drop 3 floors!
  6549 | D:8      | Noticed Maggie
  6570 | D:8      | Noticed Gastronok
  6592 | D:8      | Reached skill level 10 in Spellcasting
  6932 | D:8      | HP: 1/44 [orc warrior/+0 dire flail of protection (10)]
  6933 | D:8      | Slain by Maggie

Illustrated notes

Levels and vault maps discovered:
D:1:      minmay_arrival_plants_in_alcoves, layout_loops_cross,
          hellmonk_ecumenical_altar_prayer_group, serial_shops, shop_statue,
          serial_co_window_serial, co_window_paths_b,
          co_window_of_opportunity_a, co_window_paths_a, co_window_paths_a,
          co_window_corner_a, co_window_paths_a, co_window_of_opportunity_b,
          co_window_corner_cb, co_window_paths_c, co_window_of_opportunity_c,
          co_window_2corner, co_window_broadway_a, glass_columns_b,
          glass_columns_c, glass_columns_c, glass_columns_a
D:2:      layout_basic, minmay_door_square, uniq_robin
D:3:      layout_rooms, nicolae_overflow_crystal_walls,
          okawaru_altar_gauntlet_db, gup_sewer_entry_bowl, grunt_ministairs_3,
          wad_rectangle_vault, uniq_jessica
D:4:      layout_cave_pools, grunt_temple_overflow_order_and_chaos_1,
          slow_altar_1, nicolae_tso_carved_into_rock, lemuel_doored_altar
D:5:      layout_basic
D:8:      layout_basic, lemuel_mausoleum_altar_yredelemnul, enter_bailey_6,
          grunt_ministairs_10, minmay_ruined_shrine, uniq_maggie, uniq_gastronok

Skill      XL: |  1  2  3  4  5  6  7  8 |
---------------+-------------------------+-----
Spellcasting   | 5 6 7 8 10 | 10.3
Fighting       | 1 2 |  2.3
Armour         | 1 2 3 |  3.0
Conjurations   | 2 3 4 5 |  5.4
Dodging        | 3 |  3.0
Stealth        | 3 |  3.0
Air Magic      | 1 |  1.0
Poison Magic   | 1 |  1.0
Fire Magic     | 1 3 4 |  4.3
Summonings     | |  1.1
Translocations | |  1.1

Action                   |  1- 3 |  4- 6 |  7- 9 || total
-------------------------+-------+-------+-------++-------
Melee: Hand axe          |     6 |    53 |   100 ||   159
       Dagger            |     3 |       |       ||     3
 Cast: Magic Dart        |    94 |   117 |   150 ||   361
       Mephitic Cloud    |     2 |     7 |    26 ||    35
       Call Imp          |       |     2 |     2 ||     4
  Use: Potion            |       |       |     1 ||     1
 Stab: Confused          |     1 |     9 |    15 ||    25
Armor: Leather armour    |     6 |    12 |     3 ||    21
       Robe              |       |       |    21 ||    21
Dodge: Dodged            |    18 |    46 |    91 ||   155

Table legend: (Time is in decaauts)
 A = Elapsed time spent in this place.
 B = Non-inter-level travel time spent in this place.
 C = Inter-level travel time spent in this place.
 D = Time resting spent in this place.
 E = Time spent auto-exploring this place.
 F = Levels seen in this place.
 G = Mean time per level.
                   A        B        C        D        E       F      G
               +--------+--------+--------+--------+--------+-----+--------+
         Total |   7130 |   6950 |    180 |    102 |   5256 |   7 | 1018.6 |
       Dungeon |   5821 |   5641 |    180 |    102 |   4168 |   6 |  970.2 |
         Sewer |   1308 |   1308 |      0 |      0 |   1087 |   1 | 1308.0 |
               +--------+--------+--------+--------+--------+-----+--------+

Top non-repeatable levels by time:
     D:2: 1559 daAuts
   Sewer: 1308 daAuts
     D:1: 1135 daAuts
     D:4: 1058 daAuts
     D:3: 855 daAuts
     D:5: 791 daAuts
     D:8: 421 daAuts
